Connexion

Crunch vs Penguins

Created - 28 mars 2024 at 05:52

Goals
1 2 3 T
Crunch 1 2 0 3
Penguins 1 1 3 5
Shots
1 2 3 T
Crunch 12 12 8 32
Penguins 8 6 11 25

GoalsPenalties
1st period
1. Crunch , Jean-Christophe Beaudin 30 (Axel Andersson 58, Blaine Byron 51) at 8:12
2. Penguins , Andreas Englund 14 (Joseph Blandisi 43, Steven Santini 33) at 17:05
Dylan McIlrath (WBS) for Hooking (Minor) at 2:51
Jason Dickinson (WBS) for Tripping (Minor) at 11:16
2nd period
3. Crunch , Thomas Tynan 40 (Jean-Christophe Beaudin 40) at 5:17 (PP)
4. Penguins , Rhett Gardner 25 (Karson Kuhlman 47, Joseph Blandisi 44) at 15:09
5. Crunch , Blaine Byron 20 (Thomas Tynan 52, Axel Andersson 59) at 17:29
Kevin Bahl (WBS) for Delaying the game (Minor) at 2:14
Liam O'Brien (WBS) for Interference (Minor) at 5:05
Dylan Gambrell (WBS) for Roughing (Minor) at 6:38
Mikko Kokkonen (SYR) for Roughing (Minor) at 18:06
3rd period
6. Penguins , Keaton Middleton 10 (Rhett Gardner 27, Joseph Blandisi 45) at 5:27 (PP)
7. Penguins , Dylan McIlrath 2 (Mikhail Maltsev 23, Liam O'Brien 18) at 11:49
8. Penguins , Gerald Mayhew 25 (Jason Dickinson 35) at 14:11
Mason Shaw (SYR) for Interference (Minor) at 4:43
Blaine Byron (SYR) for Unsportsmanlike conduct (Minor) at 9:30
Jean-Christophe Beaudin (SYR) for Holding (Minor) at 15:24
Kevin Bahl (WBS) for Interference (Minor) at 17:49
Goalie Stats
Anthony Stolarz (SYR), 20 saves from 25 shots - (0,800), L, 37-23-4, 60:00 minutes
Marek Langhamer (WBS), 29 saves from 32 shots - (0,906), W, 32-37-7, 60:00 minutes
3 StarsOfficial
1 - Joseph Blandisi (WBS)
2 - Rhett Gardner (WBS)
3 - Thomas Tynan (SYR)
Referees : Ian Walsh and Dean Morton
Linesman : David Brisebois and Shane Heyer
Game Note
No Game Note
Finance
Level 1 -- Attendance: 1518 (75,90%) -- Ticket Income $60,720
Level 2 -- Attendance: 920 (92,00%) -- Ticket Income $18,400
Total Attendance: 2438 (81,27%)
Total Ticket Income: $79,120
Other Income: $15,824
Total Income: $94,944



Team Name Goals Shots Shots Attemp Shots Blocked PIM HIT PP PK FO%
Crunch 33265138181 / 6 (17%)151%
Penguins 52567912301 / 4 (25%)149%

Crunch
Player Name POS G A P +/- PIM HIT SHT SB MP PP MP PP SHT PK MP PK SHT FO% FOT
Aaron LuchukC000000004:450:0000:00043% 7
Austin StrandD000-3002024:485:3023:2100% 0
Axel AnderssonD0221013420:244:3723:2000% 0
Blaine ByronC/LW1122232016:384:1000:04050% 2
Connor CorcoranD0001031220:244:3713:2000% 0
Garnet HathawayRW000-1032014:230:0000:000100% 1
Jaycob MegnaD000-3020324:485:3003:2100% 0
Jean-Christophe BeaudinC/RW1122204017:514:1011:170100% 3
Kody ClarkRW000000000:000:0000:0000% 0
Mason ShawC/LW000-3204018:385:5711:031100% 2
Mike VecchioneC/RW000-3013118:395:5701:0310% 0
Mikko KokkonenD0000210014:470:0000:0000% 0
Nicolas Aube-KubelRW000001005:310:0000:4600% 1
Patrick HarperC/LW000-1003014:230:0000:00044% 9
Paul BittnerLW000-1003014:490:0000:260100% 1
Riley NashC000-3020125:565:5703:35043% 37
Thomas TynanC1122015021:434:1035:08057% 23
Xavier BouchardD0000000214:480:0000:0000% 0
Penguins
Player Name POS G A P +/- PIM HIT SHT SB MP PP MP PP SHT PK MP PK SHT FO% FOT
Adam ClendeningD0000021220:433:3414:3800% 0
Alan QuineC/LW/RW000-100007:230:0001:3700% 1
Andreas EnglundD1011012124:203:0714:5600% 0
Brian HartLW/RW000-100005:460:0000:0000% 0
Dylan GambrellC/RW000-121205:450:0000:00057% 7
Dylan McIlrathD1011212014:230:0000:0000% 0
Gerald MayhewC/RW1011012023:123:0705:49039% 38
Jason DickinsonC/LW0111243022:043:0704:4200% 0
Joseph BlandisiC/LW0332012018:343:3403:23052% 21
Karson KuhlmanC/RW0112031015:113:3400:000100% 2
Keaton MiddletonD1010042320:433:3414:3800% 0
Kevin BahlD0001421114:550:0000:3300% 0
Liam O'BrienC/LW0110272013:450:0002:13156% 9
Marian StudenicRW0000000011:330:0000:0000% 0
Mikhail MaltsevLW0110011011:330:0000:000100% 2
Rhett GardnerC/LW1122002115:113:3400:00050% 2
Steven FogartyC/RW0001000020:263:0703:03050% 4
Steven SantiniD0111022124:203:0714:5600% 0



Play-by-Play

1st period


0:01 of 1st period - Gerald Mayhew wins face-off versus Riley Nash in neutral zone.
0:29 of 1st period - Mike Vecchione is hit by Steven Santini and loses puck.
0:36 of 1st period - Shot by Mason Shaw.
0:36 of 1st period - Deflect By Mike Vecchione.
0:36 of 1st period - Stopped by Marek Langhamer with a rebound.
1:22 of 1st period - Shot by Blaine Byron.
1:22 of 1st period - Shot Misses the Net.
1:24 of 1st period - Shot by Thomas Tynan.
1:24 of 1st period - Stopped by Marek Langhamer with a rebound.
1:35 of 1st period - Xavier Bouchard is hit by Gerald Mayhew and loses puck.
1:48 of 1st period - Shot by Paul Bittner.
1:48 of 1st period - Stopped by Marek Langhamer without a rebound.
1:49 of 1st period - Aaron Luchuk wins face-off versus Joseph Blandisi in Penguins zone.
1:56 of 1st period - Shot by Nicolas Aube-Kubel.
1:56 of 1st period - Shot Misses the Net.
2:07 of 1st period - Riley Nash is hit by Keaton Middleton and loses puck.
2:17 of 1st period - Nicolas Aube-Kubel is hit by Adam Clendening and loses puck.
2:20 of 1st period - Shot by Riley Nash.
2:20 of 1st period - Deflect By Nicolas Aube-Kubel.
2:20 of 1st period - Shot Blocked by Keaton Middleton.
2:22 of 1st period - Shot by Aaron Luchuk.
2:22 of 1st period - Shot Misses the Net.
2:24 of 1st period - Shot by Riley Nash.
2:24 of 1st period - Shot Misses the Net.
2:26 of 1st period - Shot by Austin Strand.
2:26 of 1st period - Shot Blocked by Rhett Gardner.
2:43 of 1st period - Xavier Bouchard is hit by Liam O'Brien and loses puck.
2:51 of 1st period - Minor Penalty to Dylan McIlrath for Hooking.
2:52 of 1st period - Thomas Tynan wins face-off versus Liam O'Brien in Penguins zone.
2:53 of 1st period - Shot by Axel Andersson.
2:53 of 1st period - Shot Blocked by Adam Clendening.
2:55 of 1st period - Shot by Thomas Tynan.
2:55 of 1st period - Shot Blocked by Adam Clendening.
2:57 of 1st period - Shot by Axel Andersson.
2:57 of 1st period - Stopped by Marek Langhamer with a rebound.
2:59 of 1st period - Shot by Jean-Christophe Beaudin.
2:59 of 1st period - Stopped by Marek Langhamer without a rebound.
3:00 of 1st period - Liam O'Brien wins face-off versus Thomas Tynan in Penguins zone.
3:23 of 1st period - Alan Quine is hit by Blaine Byron and loses puck.
3:55 of 1st period - Off-side.
3:56 of 1st period - Steven Fogarty wins face-off versus Riley Nash in neutral zone.
4:33 of 1st period - Shot by Jaycob Megna.
4:33 of 1st period - Shot Misses the Net.
5:25 of 1st period - Shot by Kevin Bahl.
5:25 of 1st period - Stopped by Anthony Stolarz without a rebound.
5:26 of 1st period - Thomas Tynan wins face-off versus Joseph Blandisi in Crunch zone.
5:45 of 1st period - Shot by Joseph Blandisi.
5:45 of 1st period - Stopped by Anthony Stolarz without a rebound.
5:46 of 1st period - Liam O'Brien wins face-off versus Riley Nash in Crunch zone.
5:49 of 1st period - Shot by Liam O'Brien.
5:49 of 1st period - Stopped by Anthony Stolarz without a rebound.
5:50 of 1st period - Riley Nash wins face-off versus Liam O'Brien in Crunch zone.
5:50 of 1st period - Riley Nash is hit by Liam O'Brien.
6:02 of 1st period - Jaycob Megna is hit by Mikhail Maltsev and loses puck.
6:17 of 1st period - Shot by Marian Studenic.
6:17 of 1st period - Shot Misses the Net.
6:19 of 1st period - Shot by Marian Studenic.
6:19 of 1st period - Shot Misses the Net.
6:21 of 1st period - Shot by Keaton Middleton.
6:21 of 1st period - Stopped by Anthony Stolarz with a rebound.
7:29 of 1st period - Icing by Riley Nash.
7:30 of 1st period - Riley Nash wins face-off versus Joseph Blandisi in Crunch zone.
7:52 of 1st period - Shot by Joseph Blandisi.
7:52 of 1st period - Stopped by Anthony Stolarz without a rebound.
7:53 of 1st period - Dylan Gambrell wins face-off versus Blaine Byron in Crunch zone.
8:10 of 1st period - Shot by Jean-Christophe Beaudin.
8:10 of 1st period - Shot Misses the Net.
8:12 of 1st period - Shot by Jean-Christophe Beaudin.
8:12 of 1st period - Goal by Jean-Christophe Beaudin - Crunch : 1 - Penguins : 0.
8:13 of 1st period - Patrick Harper wins face-off versus Joseph Blandisi in neutral zone.
8:13 of 1st period - Garnet Hathaway is hit by Karson Kuhlman and loses puck.
8:36 of 1st period - Shot by Patrick Harper.
8:36 of 1st period - Shot Blocked by Steven Santini.
8:38 of 1st period - Shot by Garnet Hathaway.
8:38 of 1st period - Stopped by Marek Langhamer without a rebound.
8:39 of 1st period - Gerald Mayhew wins face-off versus Thomas Tynan in Penguins zone.
8:50 of 1st period - Shot by Steven Fogarty.
8:50 of 1st period - Shot Blocked by Axel Andersson.
9:06 of 1st period - Shot by Axel Andersson.
9:06 of 1st period - Stopped by Marek Langhamer without a rebound.
9:07 of 1st period - Paul Bittner wins face-off versus Joseph Blandisi in Penguins zone.
10:08 of 1st period - Garnet Hathaway is hit by Jason Dickinson and loses puck.
10:23 of 1st period - Shot by Jason Dickinson.
10:23 of 1st period - Stopped by Anthony Stolarz with a rebound.
10:25 of 1st period - Shot by Jason Dickinson.
10:25 of 1st period - Stopped by Anthony Stolarz without a rebound.
10:26 of 1st period - Thomas Tynan wins face-off versus Liam O'Brien in Crunch zone.
10:53 of 1st period - Axel Andersson is hit by Liam O'Brien and loses puck.
11:13 of 1st period - Icing by Thomas Tynan.
11:14 of 1st period - Jean-Christophe Beaudin wins face-off versus Gerald Mayhew in Crunch zone.
11:16 of 1st period - Minor Penalty to Jason Dickinson for Tripping.
11:17 of 1st period - Riley Nash wins face-off versus Alan Quine in Penguins zone.
11:34 of 1st period - Shot by Mason Shaw.
11:34 of 1st period - Deflect By Mike Vecchione.
11:34 of 1st period - Shot Misses the Net.
11:36 of 1st period - Shot by Mason Shaw.
11:36 of 1st period - Deflect By Mike Vecchione.
11:36 of 1st period - Shot Blocked by Andreas Englund.
11:38 of 1st period - Shot by Austin Strand.
11:38 of 1st period - Stopped by Marek Langhamer without a rebound.
11:39 of 1st period - Riley Nash wins face-off versus Gerald Mayhew in Penguins zone.
12:39 of 1st period - Adam Clendening is hit by Blaine Byron and loses puck.
12:44 of 1st period - Shot by Jean-Christophe Beaudin.
12:44 of 1st period - Shot Blocked by Keaton Middleton.
12:46 of 1st period - Shot by Jean-Christophe Beaudin.
12:46 of 1st period - Shot Misses the Net.
12:48 of 1st period - Shot by Thomas Tynan.
12:48 of 1st period - Stopped by Marek Langhamer with a rebound.
13:01 of 1st period - Icing by Riley Nash.
13:02 of 1st period - Riley Nash wins face-off versus Gerald Mayhew in Crunch zone.
13:16 of 1st period - Shot by Gerald Mayhew.
13:16 of 1st period - Shot Misses the Net.
13:24 of 1st period - Shot by Alan Quine.
13:24 of 1st period - Shot Misses the Net.
13:41 of 1st period - Patrick Harper is hit by Kevin Bahl and loses puck.
13:56 of 1st period - Shot by Garnet Hathaway.
13:56 of 1st period - Shot Misses the Net.
14:25 of 1st period - Shot by Blaine Byron.
14:25 of 1st period - Stopped by Marek Langhamer without a rebound.
14:26 of 1st period - Joseph Blandisi wins face-off versus Aaron Luchuk in Penguins zone.
14:52 of 1st period - Austin Strand is hit by Joseph Blandisi and loses puck.
15:06 of 1st period - Joseph Blandisi is hit by Jaycob Megna and loses puck.
16:30 of 1st period - Shot by Patrick Harper.
16:30 of 1st period - Stopped by Marek Langhamer without a rebound.
16:31 of 1st period - Dylan Gambrell wins face-off versus Riley Nash in Penguins zone.
16:57 of 1st period - Icing by Jaycob Megna.
16:58 of 1st period - Karson Kuhlman wins face-off versus Riley Nash in Crunch zone.
16:59 of 1st period - Shot by Steven Santini.
16:59 of 1st period - Deflect By Rhett Gardner.
16:59 of 1st period - Shot Misses the Net.
17:03 of 1st period - Shot by Joseph Blandisi.
17:03 of 1st period - Shot Misses the Net.
17:05 of 1st period - Shot by Andreas Englund.
17:05 of 1st period - Goal by Andreas Englund - Crunch : 1 - Penguins : 1.
17:06 of 1st period - Thomas Tynan wins face-off versus Gerald Mayhew in neutral zone.
17:15 of 1st period - Shot by Thomas Tynan.
17:15 of 1st period - Shot Misses the Net.
17:19 of 1st period - Shot by Jean-Christophe Beaudin.
17:19 of 1st period - Shot Misses the Net.
17:21 of 1st period - Shot by Blaine Byron.
17:21 of 1st period - Deflect By Jean-Christophe Beaudin.
17:21 of 1st period - Shot Misses the Net.
17:49 of 1st period - Andreas Englund is hit by Thomas Tynan and loses puck.
18:38 of 1st period - Axel Andersson is hit by Keaton Middleton and loses puck.
19:02 of 1st period - Icing by Liam O'Brien.
19:03 of 1st period - Mikhail Maltsev wins face-off versus Riley Nash in Penguins zone.
19:43 of 1st period - Shot by Austin Strand.
19:43 of 1st period - Shot Blocked by Kevin Bahl.
19:58 of 1st period - Icing by Xavier Bouchard.
19:59 of 1st period - Thomas Tynan wins face-off versus Gerald Mayhew in Crunch zone.
Goals for this period are 1 for Crunch vs 1 for Penguins.
Shots for this period are 12 for Crunch vs 8 for Penguins.

2nd period


0:01 of 2nd period - Gerald Mayhew wins face-off versus Riley Nash in neutral zone.
0:10 of 2nd period - Mike Vecchione is hit by Jason Dickinson and loses puck.
0:31 of 2nd period - Jason Dickinson is hit by Riley Nash and loses puck.
0:45 of 2nd period - Off-side.
0:46 of 2nd period - Joseph Blandisi wins face-off versus Thomas Tynan in neutral zone.
1:11 of 2nd period - Shot by Joseph Blandisi.
1:11 of 2nd period - Deflect By Rhett Gardner.
1:11 of 2nd period - Shot Misses the Net.
1:13 of 2nd period - Shot by Karson Kuhlman.
1:13 of 2nd period - Shot Blocked by Axel Andersson.
1:15 of 2nd period - Shot by Karson Kuhlman.
1:15 of 2nd period - Shot Blocked by Axel Andersson.
1:17 of 2nd period - Shot by Karson Kuhlman.
1:17 of 2nd period - Shot Misses the Net.
1:19 of 2nd period - Shot by Joseph Blandisi.
1:19 of 2nd period - Shot Misses the Net.
2:06 of 2nd period - Xavier Bouchard is hit by Liam O'Brien and loses puck.
2:14 of 2nd period - Minor Penalty to Kevin Bahl for Delaying the game.
2:15 of 2nd period - Gerald Mayhew wins face-off versus Riley Nash in Penguins zone.
3:45 of 2nd period - Icing by Austin Strand.
3:46 of 2nd period - Gerald Mayhew wins face-off versus Riley Nash in Crunch zone.
3:49 of 2nd period - Shot by Jason Dickinson.
3:49 of 2nd period - Shot Misses the Net.
4:04 of 2nd period - Icing by Jaycob Megna.
4:05 of 2nd period - Riley Nash wins face-off versus Steven Fogarty in Crunch zone.
4:37 of 2nd period - Paul Bittner is hit by Kevin Bahl and loses puck.
4:48 of 2nd period - Shot by Paul Bittner.
4:48 of 2nd period - Stopped by Marek Langhamer with a rebound.
5:03 of 2nd period - Kevin Bahl is hit by Connor Corcoran and loses puck.
5:05 of 2nd period - Minor Penalty to Liam O'Brien for Interference.
5:06 of 2nd period - Gerald Mayhew wins face-off versus Thomas Tynan in Penguins zone.
5:17 of 2nd period - Shot by Thomas Tynan.
5:17 of 2nd period - Goal by Thomas Tynan - Crunch : 2 - Penguins : 1.
5:18 of 2nd period - Joseph Blandisi wins face-off versus Aaron Luchuk in neutral zone.
5:47 of 2nd period - Shot by Nicolas Aube-Kubel.
5:47 of 2nd period - Deflect By Riley Nash.
5:47 of 2nd period - Shot Misses the Net.
5:49 of 2nd period - Shot by Riley Nash.
5:49 of 2nd period - Shot Misses the Net.
5:55 of 2nd period - Shot by Nicolas Aube-Kubel.
5:55 of 2nd period - Shot Hit the Post.
6:23 of 2nd period - Off-side.
6:24 of 2nd period - Dylan Gambrell wins face-off versus Patrick Harper in neutral zone.
6:30 of 2nd period - Alan Quine is hit by Mikko Kokkonen and loses puck.
6:38 of 2nd period - Minor Penalty to Dylan Gambrell for Roughing.
6:39 of 2nd period - Thomas Tynan wins face-off versus Gerald Mayhew in Penguins zone.
6:40 of 2nd period - Shot by Axel Andersson.
6:40 of 2nd period - Shot Hit the Post.
6:42 of 2nd period - Shot by Jean-Christophe Beaudin.
6:42 of 2nd period - Shot Misses the Net.
6:50 of 2nd period - Shot by Thomas Tynan.
6:50 of 2nd period - Stopped by Marek Langhamer without a rebound.
6:51 of 2nd period - Gerald Mayhew wins face-off versus Riley Nash in Penguins zone.
7:12 of 2nd period - Shot by Mason Shaw.
7:12 of 2nd period - Stopped by Marek Langhamer without a rebound.
7:13 of 2nd period - Gerald Mayhew wins face-off versus Thomas Tynan in Penguins zone.
7:22 of 2nd period - Shot by Axel Andersson.
7:22 of 2nd period - Stopped by Marek Langhamer without a rebound.
7:23 of 2nd period - Mason Shaw wins face-off versus Gerald Mayhew in Penguins zone.
7:55 of 2nd period - Mason Shaw is hit by Adam Clendening and loses puck.
8:47 of 2nd period - Shot by Dylan Gambrell.
8:47 of 2nd period - Stopped by Anthony Stolarz without a rebound.
8:48 of 2nd period - Patrick Harper wins face-off versus Liam O'Brien in Crunch zone.
8:55 of 2nd period - Shot by Patrick Harper.
8:55 of 2nd period - Stopped by Marek Langhamer with a rebound.
9:47 of 2nd period - Shot by Rhett Gardner.
9:47 of 2nd period - Shot Misses the Net.
10:57 of 2nd period - Shot by Jean-Christophe Beaudin.
10:57 of 2nd period - Stopped by Marek Langhamer without a rebound.
10:58 of 2nd period - Aaron Luchuk wins face-off versus Dylan Gambrell in Penguins zone.
12:05 of 2nd period - Shot by Mikhail Maltsev.
12:05 of 2nd period - Stopped by Anthony Stolarz without a rebound.
12:06 of 2nd period - Thomas Tynan wins face-off versus Gerald Mayhew in Crunch zone.
12:11 of 2nd period - Off-side.
12:12 of 2nd period - Thomas Tynan wins face-off versus Gerald Mayhew in neutral zone.
12:33 of 2nd period - Icing by Jean-Christophe Beaudin.
12:34 of 2nd period - Joseph Blandisi wins face-off versus Thomas Tynan in Crunch zone.
12:37 of 2nd period - Shot by Rhett Gardner.
12:37 of 2nd period - Shot Misses the Net.
12:43 of 2nd period - Shot by Karson Kuhlman.
12:43 of 2nd period - Stopped by Anthony Stolarz without a rebound.
12:44 of 2nd period - Riley Nash wins face-off versus Gerald Mayhew in Crunch zone.
12:44 of 2nd period - Riley Nash is hit by Andreas Englund.
12:52 of 2nd period - Gerald Mayhew is hit by Mike Vecchione and loses puck.
13:16 of 2nd period - Shot by Mason Shaw.
13:16 of 2nd period - Stopped by Marek Langhamer without a rebound.
13:17 of 2nd period - Thomas Tynan wins face-off versus Joseph Blandisi in Penguins zone.
13:38 of 2nd period - Shot by Rhett Gardner.
13:38 of 2nd period - Stopped by Anthony Stolarz without a rebound.
13:39 of 2nd period - Liam O'Brien wins face-off versus Patrick Harper in Crunch zone.
14:08 of 2nd period - Garnet Hathaway is hit by Liam O'Brien and loses puck.
14:49 of 2nd period - Shot by Gerald Mayhew.
14:49 of 2nd period - Shot Misses the Net.
14:51 of 2nd period - Shot by Gerald Mayhew.
14:51 of 2nd period - Shot Blocked by Xavier Bouchard.
14:53 of 2nd period - Shot by Gerald Mayhew.
14:53 of 2nd period - Shot Misses the Net.
14:55 of 2nd period - Shot by Steven Santini.
14:55 of 2nd period - Stopped by Anthony Stolarz without a rebound.
14:56 of 2nd period - Rhett Gardner wins face-off versus Riley Nash in Crunch zone.
15:09 of 2nd period - Shot by Rhett Gardner.
15:09 of 2nd period - Goal by Rhett Gardner - Crunch : 2 - Penguins : 2.
15:10 of 2nd period - Thomas Tynan wins face-off versus Dylan Gambrell in neutral zone.
15:10 of 2nd period - Thomas Tynan is hit by Dylan Gambrell.
15:15 of 2nd period - Connor Corcoran is hit by Keaton Middleton and loses puck.
15:32 of 2nd period - Shot by Alan Quine.
15:32 of 2nd period - Shot Misses the Net.
15:35 of 2nd period - Icing by Axel Andersson.
15:36 of 2nd period - Thomas Tynan wins face-off versus Gerald Mayhew in Crunch zone.
16:19 of 2nd period - Shot by Mike Vecchione.
16:19 of 2nd period - Stopped by Marek Langhamer without a rebound.
16:20 of 2nd period - Karson Kuhlman wins face-off versus Aaron Luchuk in Penguins zone.
16:41 of 2nd period - Shot by Joseph Blandisi.
16:41 of 2nd period - Shot Misses the Net.
16:44 of 2nd period - Icing by Jaycob Megna.
16:45 of 2nd period - Mikhail Maltsev wins face-off versus Aaron Luchuk in Crunch zone.
16:45 of 2nd period - Mikhail Maltsev is hit by Jaycob Megna.
16:59 of 2nd period - Shot by Mikhail Maltsev.
16:59 of 2nd period - Shot Blocked by Jaycob Megna.
17:29 of 2nd period - Shot by Thomas Tynan.
17:29 of 2nd period - Deflect By Blaine Byron.
17:29 of 2nd period - Goal by Blaine Byron - Crunch : 3 - Penguins : 2.
17:30 of 2nd period - Gerald Mayhew wins face-off versus Patrick Harper in neutral zone.
17:42 of 2nd period - Icing by Garnet Hathaway.
17:43 of 2nd period - Patrick Harper wins face-off versus Joseph Blandisi in Crunch zone.
17:43 of 2nd period - Patrick Harper is hit by Karson Kuhlman.
17:51 of 2nd period - Shot by Garnet Hathaway.
17:51 of 2nd period - Shot Misses the Net.
18:06 of 2nd period - Minor Penalty to Mikko Kokkonen for Roughing.
18:07 of 2nd period - Riley Nash wins face-off versus Gerald Mayhew in Crunch zone.
18:18 of 2nd period - Shot by Steven Santini.
18:18 of 2nd period - Shot Blocked by Connor Corcoran.
18:29 of 2nd period - Off-side.
18:30 of 2nd period - Riley Nash wins face-off versus Rhett Gardner in neutral zone.
18:44 of 2nd period - Icing by Karson Kuhlman.
18:45 of 2nd period - Joseph Blandisi wins face-off versus Riley Nash in Penguins zone.
19:34 of 2nd period - Shot by Mike Vecchione.
19:34 of 2nd period - Stopped by Marek Langhamer without a rebound.
19:35 of 2nd period - Mason Shaw wins face-off versus Gerald Mayhew in Penguins zone.
19:47 of 2nd period - Shot by Mason Shaw.
19:47 of 2nd period - Stopped by Marek Langhamer with a rebound.
19:49 of 2nd period - Shot by Mike Vecchione.
19:49 of 2nd period - Shot Misses the Net.
19:51 of 2nd period - Shot by Mason Shaw.
19:51 of 2nd period - Shot Misses the Net.
Goals for this period are 2 for Crunch vs 1 for Penguins.
Shots for this period are 12 for Crunch vs 6 for Penguins.

3rd period


0:01 of 3rd period - Gerald Mayhew wins face-off versus Riley Nash in neutral zone.
0:04 of 3rd period - Shot by Andreas Englund.
0:04 of 3rd period - Stopped by Anthony Stolarz without a rebound.
0:05 of 3rd period - Riley Nash wins face-off versus Gerald Mayhew in Crunch zone.
0:12 of 3rd period - Shot by Mason Shaw.
0:12 of 3rd period - Stopped by Marek Langhamer without a rebound.
0:13 of 3rd period - Riley Nash wins face-off versus Gerald Mayhew in Penguins zone.
1:13 of 3rd period - Off-side.
1:14 of 3rd period - Blaine Byron wins face-off versus Joseph Blandisi in neutral zone.
1:20 of 3rd period - Jean-Christophe Beaudin is hit by Keaton Middleton and loses puck.
1:45 of 3rd period - Shot by Jean-Christophe Beaudin.
1:45 of 3rd period - Stopped by Marek Langhamer without a rebound.
1:46 of 3rd period - Liam O'Brien wins face-off versus Patrick Harper in Penguins zone.
1:52 of 3rd period - Icing by Liam O'Brien.
1:53 of 3rd period - Liam O'Brien wins face-off versus Patrick Harper in Penguins zone.
1:53 of 3rd period - Liam O'Brien is hit by Garnet Hathaway.
2:30 of 3rd period - Shot by Patrick Harper.
2:30 of 3rd period - Stopped by Marek Langhamer without a rebound.
2:31 of 3rd period - Riley Nash wins face-off versus Gerald Mayhew in Penguins zone.
2:33 of 3rd period - Mason Shaw is hit by Steven Santini and loses puck.
3:05 of 3rd period - Shot by Gerald Mayhew.
3:05 of 3rd period - Stopped by Anthony Stolarz without a rebound.
3:06 of 3rd period - Joseph Blandisi wins face-off versus Thomas Tynan in Crunch zone.
3:07 of 3rd period - Shot by Karson Kuhlman.
3:07 of 3rd period - Shot Misses the Net.
3:09 of 3rd period - Shot by Rhett Gardner.
3:09 of 3rd period - Shot Misses the Net.
3:14 of 3rd period - Karson Kuhlman is hit by Connor Corcoran and loses puck.
3:25 of 3rd period - Shot by Axel Andersson.
3:25 of 3rd period - Shot Blocked by Keaton Middleton.
3:38 of 3rd period - Karson Kuhlman is hit by Axel Andersson and loses puck.
4:02 of 3rd period - Off-side.
4:03 of 3rd period - Gerald Mayhew wins face-off versus Riley Nash in neutral zone.
4:17 of 3rd period - Icing by Riley Nash.
4:18 of 3rd period - Dylan Gambrell wins face-off versus Riley Nash in Crunch zone.
4:19 of 3rd period - Shot by Dylan McIlrath.
4:19 of 3rd period - Stopped by Anthony Stolarz without a rebound.
4:20 of 3rd period - Riley Nash wins face-off versus Gerald Mayhew in Crunch zone.
4:25 of 3rd period - Shot by Gerald Mayhew.
4:25 of 3rd period - Shot Blocked by Jaycob Megna.
4:35 of 3rd period - Jason Dickinson is hit by Riley Nash and loses puck.
4:43 of 3rd period - Minor Penalty to Mason Shaw for Interference.
4:44 of 3rd period - Joseph Blandisi wins face-off versus Riley Nash in Crunch zone.
4:49 of 3rd period - Shot by Adam Clendening.
4:49 of 3rd period - Stopped by Anthony Stolarz without a rebound.
4:50 of 3rd period - Joseph Blandisi wins face-off versus Riley Nash in Crunch zone.
5:03 of 3rd period - Shot by Adam Clendening.
5:03 of 3rd period - Shot Misses the Net.
5:15 of 3rd period - Icing by Keaton Middleton.
5:16 of 3rd period - Joseph Blandisi wins face-off versus Riley Nash in Penguins zone.
5:27 of 3rd period - Shot by Keaton Middleton.
5:27 of 3rd period - Goal by Keaton Middleton - Crunch : 3 - Penguins : 3.
5:28 of 3rd period - Patrick Harper wins face-off versus Gerald Mayhew in neutral zone.
5:30 of 3rd period - Axel Andersson is hit by Jason Dickinson and loses puck.
5:48 of 3rd period - Shot by Paul Bittner.
5:48 of 3rd period - Deflect By Garnet Hathaway.
5:48 of 3rd period - Stopped by Marek Langhamer with a rebound.
5:50 of 3rd period - Shot by Paul Bittner.
5:50 of 3rd period - Stopped by Marek Langhamer with a rebound.
5:52 of 3rd period - Shot by Patrick Harper.
5:52 of 3rd period - Shot Misses the Net.
7:30 of 3rd period - Shot by Mike Vecchione.
7:30 of 3rd period - Shot Misses the Net.
7:44 of 3rd period - Xavier Bouchard is hit by Karson Kuhlman and loses puck.
7:55 of 3rd period - Shot by Joseph Blandisi.
7:55 of 3rd period - Shot Misses the Net.
7:57 of 3rd period - Shot by Karson Kuhlman.
7:57 of 3rd period - Shot Blocked by Xavier Bouchard.
7:59 of 3rd period - Shot by Karson Kuhlman.
7:59 of 3rd period - Shot Blocked by Riley Nash.
8:08 of 3rd period - Riley Nash is hit by Jason Dickinson and loses puck.
8:33 of 3rd period - Shot by Jason Dickinson.
8:33 of 3rd period - Shot Misses the Net.
8:35 of 3rd period - Shot by Gerald Mayhew.
8:35 of 3rd period - Deflect By Steven Fogarty.
8:35 of 3rd period - Shot Misses the Net.
8:37 of 3rd period - Shot by Gerald Mayhew.
8:37 of 3rd period - Shot Misses the Net.
9:03 of 3rd period - Shot by Alan Quine.
9:03 of 3rd period - Shot Misses the Net.
9:05 of 3rd period - Shot by Kevin Bahl.
9:05 of 3rd period - Shot Misses the Net.
9:07 of 3rd period - Shot by Alan Quine.
9:07 of 3rd period - Deflect By Dylan Gambrell.
9:07 of 3rd period - Shot Blocked by Mike Vecchione.
9:17 of 3rd period - Shot by Alan Quine.
9:17 of 3rd period - Deflect By Dylan Gambrell.
9:17 of 3rd period - Stopped by Anthony Stolarz without a rebound.
9:18 of 3rd period - Thomas Tynan wins face-off versus Joseph Blandisi in Crunch zone.
9:30 of 3rd period - Minor Penalty to Blaine Byron for Unsportsmanlike conduct.
9:31 of 3rd period - Gerald Mayhew wins face-off versus Nicolas Aube-Kubel in Crunch zone.
10:22 of 3rd period - Shot by Karson Kuhlman.
10:22 of 3rd period - Shot Blocked by Axel Andersson.
11:19 of 3rd period - Shot by Gerald Mayhew.
11:19 of 3rd period - Shot Blocked by Connor Corcoran.
11:21 of 3rd period - Shot by Jason Dickinson.
11:21 of 3rd period - Shot Misses the Net.
11:23 of 3rd period - Shot by Gerald Mayhew.
11:23 of 3rd period - Shot Misses the Net.
11:47 of 3rd period - Shot by Mikhail Maltsev.
11:47 of 3rd period - Shot Misses the Net.
11:49 of 3rd period - Shot by Dylan McIlrath.
11:49 of 3rd period - Goal by Dylan McIlrath - Crunch : 3 - Penguins : 4.
11:50 of 3rd period - Aaron Luchuk wins face-off versus Dylan Gambrell in neutral zone.
12:25 of 3rd period - Dylan Gambrell is hit by Nicolas Aube-Kubel and loses puck.
13:18 of 3rd period - Mikhail Maltsev is hit by Garnet Hathaway and loses puck.
13:22 of 3rd period - Keaton Middleton is hit by Garnet Hathaway and loses puck.
13:39 of 3rd period - Icing by Joseph Blandisi.
13:40 of 3rd period - Joseph Blandisi wins face-off versus Thomas Tynan in Penguins zone.
14:01 of 3rd period - Shot by Thomas Tynan.
14:01 of 3rd period - Stopped by Marek Langhamer without a rebound.
14:02 of 3rd period - Gerald Mayhew wins face-off versus Riley Nash in Penguins zone.
14:11 of 3rd period - Shot by Gerald Mayhew.
14:11 of 3rd period - Goal by Gerald Mayhew - Crunch : 3 - Penguins : 5.
14:12 of 3rd period - Jean-Christophe Beaudin wins face-off versus Gerald Mayhew in neutral zone.
14:18 of 3rd period - Icing by Steven Santini.
14:19 of 3rd period - Gerald Mayhew wins face-off versus Thomas Tynan in Penguins zone.
14:19 of 3rd period - Steven Fogarty is hit by Blaine Byron and loses puck.
14:25 of 3rd period - Icing by Andreas Englund.
14:26 of 3rd period - Garnet Hathaway wins face-off versus Gerald Mayhew in Penguins zone.
15:00 of 3rd period - Icing by Jason Dickinson.
15:01 of 3rd period - Riley Nash wins face-off versus Gerald Mayhew in Penguins zone.
15:12 of 3rd period - Shot by Jason Dickinson.
15:12 of 3rd period - Stopped by Anthony Stolarz without a rebound.
15:13 of 3rd period - Joseph Blandisi wins face-off versus Thomas Tynan in Crunch zone.
15:24 of 3rd period - Minor Penalty to Jean-Christophe Beaudin for Holding.
15:25 of 3rd period - Riley Nash wins face-off versus Joseph Blandisi in Crunch zone.
15:44 of 3rd period - Shot by Karson Kuhlman.
15:44 of 3rd period - Shot Misses the Net.
15:55 of 3rd period - Off-side.
15:56 of 3rd period - Riley Nash wins face-off versus Gerald Mayhew in neutral zone.
16:02 of 3rd period - Icing by Andreas Englund.
16:03 of 3rd period - Gerald Mayhew wins face-off versus Riley Nash in Penguins zone.
16:30 of 3rd period - Shot by Steven Santini.
16:30 of 3rd period - Stopped by Anthony Stolarz with a rebound.
16:34 of 3rd period - Shot by Jason Dickinson.
16:34 of 3rd period - Shot Blocked by Jaycob Megna.
17:11 of 3rd period - Joseph Blandisi is hit by Connor Corcoran and loses puck.
17:37 of 3rd period - Xavier Bouchard is hit by Liam O'Brien and loses puck.
17:41 of 3rd period - Xavier Bouchard is hit by Liam O'Brien and loses puck.
17:45 of 3rd period - Garnet Hathaway is hit by Dylan McIlrath and loses puck.
17:49 of 3rd period - Minor Penalty to Kevin Bahl for Interference.
17:50 of 3rd period - Thomas Tynan wins face-off versus Gerald Mayhew in Penguins zone.
18:38 of 3rd period - Shot by Connor Corcoran.
18:38 of 3rd period - Shot Misses the Net.
18:54 of 3rd period - Shot by Mason Shaw.
18:54 of 3rd period - Shot Misses the Net.
18:56 of 3rd period - Shot by Connor Corcoran.
18:56 of 3rd period - Stopped by Marek Langhamer without a rebound.
18:57 of 3rd period - Jean-Christophe Beaudin wins face-off versus Steven Fogarty in Penguins zone.
19:06 of 3rd period - Shot by Austin Strand.
19:06 of 3rd period - Stopped by Marek Langhamer without a rebound.
19:07 of 3rd period - Steven Fogarty wins face-off versus Riley Nash in Penguins zone.
19:36 of 3rd period - Shot by Liam O'Brien.
19:36 of 3rd period - Stopped by Anthony Stolarz with a rebound.
Goals for this period are 0 for Crunch vs 3 for Penguins.
Shots for this period are 8 for Crunch vs 11 for Penguins.